 Dungeon Crawl Stone Soup version 0.17-a0-1767-gccbed74 (webtiles) character file.

939 luca467 the Insei (level 7, -3/57 HPs)
             Began as a Demonspawn Monk on Sept 6, 2015.
             Killed by divine providence
             ... invoked by an orc priest
              (10 damage)
             ... on level 4 of the Dungeon.
             The game lasted 00:36:27 (6561 turns).

luca467 the Insei (Demonspawn Monk)                 Turns: 6561, Time: 00:36:27

Health: -3/57      AC:  9    Str: 11    XL:     7   Next: 87%
Magic:  7/7        EV: 13    Int: 12    God:
Gold:   67         SH:  0    Dex: 17    Spells: 0 memorised, 6 levels left

rFire  . . .     SeeInvis .       - Unarmed
rCold  + . .     Clarity  .     a - +2 robe
rNeg   . . .     SustAt   .     (no shield)
rPois  .         Gourm    .     (no helmet)
rElec  .         Spirit   .     p - +1 cloak
rCorr  .         Warding  .     i - +0 pair of gloves
rMut   .         Stasis   .     (no boots)
MR     .....                    (no amulet)
Stlth  ++........               (no ring)
                                (no ring)

@: not resistant to hostile enchantments, unstealthy
A: talons 1, yellow scales 1, cold resistance 1, freezing cloud immunity
a: no special abilities


You were on level 4 of the Dungeon.
You were not hungry.

You visited 1 branch of the dungeon, and saw 4 of its levels.
You also visited: Sewer.

You collected 246 gold pieces.
You spent 179 gold pieces at shops.

Inventory:

Armour
 a - a +2 robe (worn)
 i - a +0 pair of gloves (worn)
 j - a +0 robe
 p - a +1 cloak (worn)
Jewellery
 h - an uncursed ring of protection from cold
Scrolls
 k - a scroll of summoning {unknown}
 l - 3 scrolls of recharging
 n - 3 scrolls of remove curse {unknown}
 s - a scroll of fear
Potions
 c - 3 potions of agility
 d - a potion of haste {unknown}
 e - a potion of lignification {unknown}
 f - a potion of flight {unknown}
 g - a potion of cancellation {unknown}
 m - a potion of ambrosia {unknown}
 q - 6 potions of heal wounds {unknown}
 r - 3 potions of brilliance {unknown}
Comestibles
 b - 5 bread rations
 o - 3 beef jerkies


   Skills:
 - Level 5.8 Fighting
 - Level 2.6 Dodging
 - Level 1.7 Stealth
 + Level 7.8 Unarmed Combat


You had 6 spell levels left.
You didn't know any spells.

Dungeon Overview and Level Annotations

Branches:
Dungeon (4/15)
 Temple: D:4-7

Altars:
Gozag

Shops:
D:4 :[*


Innate Abilities, Weirdness & Mutations

You have sharp toenails.
You are partially covered in yellow scales (AC +2).
Your flesh is cold resistant.
You are immune to freezing clouds.


Message History

Pain shoots through your body! The orc priest hits you with a flail!
You closely miss the orc priest.
You claw the orc priest, but do no damage.
The orc priest invokes the aid of Beogh against you.
Something smites you!
* * * LOW HITPOINT WARNING * * *
You hit the orc priest. Your kick misses the orc priest.
The orc priest is moderately wounded.
The orc priest closely misses you.
An orc comes into view. It is wielding a whip.
You punch the orc priest!
You claw the orc priest, but do no damage.
The orc priest is severely wounded.
The orc priest miscasts a cantrip.
You punch the orc priest!
You kill the orc priest!
The orc priest mumbles some strange prayers to Beogh against you.
Something smites you!
You die...

.#....... ...
#.......+....# .#.......#
#.......#....# .###+#####
###+#o.. #.###### ..... ##
#......#+####.#..^.# .....
...#......#......+....#
.....
...'......+......#....#
..... #....(.##..........#
'##.. ###.)o...###########
..# . +.@....# ..#....
#......# ..+....#..#
#......# ..#....+..
...#......# .......#.
...#......#
##..#...+####'#......#####
###...#..................#
....#....................#
..
......#..................#
.


You could see an orc priest and an orc.

Vanquished Creatures
  A hippogriff (D:4)
  2 big kobolds (Sewer)
  A giant frog (D:4)
  An orc priest (D:4)
  Ijyb (D:2)
  A hound (D:4)
  8 orc wizards
  Jessica (D:2)
  3 worker ants
  Robin (D:2)
  3 adders
  A gnoll (D:1)
  3 oozes
  6 worms
  4 giant geckos
  11 orcs
  2 ball pythons
  3 giant cockroaches
  14 hobgoblins
  3 quokkas (D:2)
  8 bats
  9 giant newts
  18 goblins
  15 kobolds
  20 rats
  2 fungi (Sewer)
142 creatures vanquished.

Notes
Turn   | Place    | Note
--------------------------------------------------------------
     0 | D:1      | luca467 the Demonspawn Monk began the quest for the Orb.
     0 | D:1      | Reached XP level 1. HP: 18/18 MP: 1/1
   419 | D:1      | Gained mutation: You have sharp toenails. [demonic ancestry]
   419 | D:1      | Reached XP level 2. HP: 14/24 MP: 2/2
   946 | D:1      | Reached skill level 4 in Unarmed Combat
   946 | D:1      | Gained mutation: Your flesh is cold resistant. [demonic ancestry]
   946 | D:1      | Reached XP level 3. HP: 8/30 MP: 3/3
  2047 | D:2      | Noticed Jessica
  2058 | D:2      | Killed Jessica
  2058 | D:2      | Gained mutation: You are partially covered in yellow scales (AC +2). [demonic ancestry]
  2058 | D:2      | Reached XP level 4. HP: 22/38 MP: 4/4
  2194 | D:2      | Noticed Ijyb
  2270 | D:2      | Killed Ijyb
  2780 | D:2      | Noticed Robin
  2883 | D:2      | Killed Robin
  2883 | D:2      | Gained mutation: You are immune to freezing clouds. [demonic ancestry]
  2883 | D:2      | Reached XP level 5. HP: 33/43 MP: 5/5
  3171 | D:2      | Reached skill level 5 in Fighting
  3334 | D:3      | HP: 2/44 [worm (4)]
  3345 | D:3      | Found an opulent altar of Gozag.
  4315 | D:3      | Reached skill level 5 in Unarmed Combat
  4351 | D:4      | Found a glowing drain.
  4370 | Sewer    | Entered a sewer
  4397 | Sewer    | Reached XP level 6. HP: 51/51 MP: 6/6
  5430 | D:4      | Found Roesch's General Store.
  5430 | D:4      | Noticed a hippogriff
  5468 | D:4      | Killed a hippogriff
  5468 | D:4      | Reached skill level 6 in Unarmed Combat
  5468 | D:4      | Reached XP level 7. HP: 13/57 MP: 7/7
  5891 | D:4      | Bought a beef jerky for 15 gold pieces
  5891 | D:4      | Bought a beef jerky for 15 gold pieces
  5928 | D:4      | Found Zextoit's Armour Emporium.
  5936 | D:4      | Bought a +1 cloak for 149 gold pieces
  5970 | D:4      | Found Jaumuum's Book Shop.
  5984 | D:4      | Reached skill level 7 in Unarmed Combat
  6561 | D:4      | Killed from afar by an orc priest

Vault maps used:
D:1:      shiori_shiawase
D:2:      uniq_jessica, uniq_robin, uniq_iyjb
D:3:      first_bread, roderic_serpentine_path, nicolae_gozag_seed_capital
D:4:      serial_shops, shop, nicolae_shop_window_shopping, shop,
          shop_fountains, portal_sewer_entry_a, minmay_misc_feat_pillars,
          kennysheep_generic_room_4
Sewer:    kennysheep_pipe_town

Action                   |  1- 3 |  4- 6 |  7- 9 || total
-------------------------+-------+-------+-------++-------
Melee: Unarmed           |   129 |   455 |   113 ||   697
  Use: Scroll            |     5 |     2 |       ||     7
       Potion            |       |     3 |       ||     3
 Stab: Sleeping          |     7 |     8 |     1 ||    16
  Eat: Chunk             |     3 |     9 |       ||    12
       Meat ration       |       |     1 |       ||     1
       Pizza             |       |     1 |       ||     1
